 Dungeon Crawl Stone Soup version 0.24-a0-516-g9de272bb65 (webtiles) character file.

Game seed: 16915809861373930270

18838 Greboboi the Severer (level 12, -8/108 HPs)
             Began as a Minotaur Berserker on July 22, 2019.
             Was an Elder of Trog.
             Hit by a large rock thrown by a cyclops (33 damage)
             ... on level 12 of the Dungeon.
             The game lasted 00:34:33 (11940 turns).

Greboboi the Severer (Minotaur Berserker)          Turns: 11940, Time: 00:34:33

Health: -8/108     AC: 18    Str: 23    XL:     12   Next: 31%
Magic:  11/11      EV: 16    Int:  4    God:    Trog [****..]
Gold:   946        SH:  0    Dex: 17    Spells: 12/12 levels left

rFire    . . .     SeeInvis .   a - +10 spear "Jeotoeg" {flame, MR+ Dex+3}
rCold    + . .     Gourm    .   (no shield)
rNeg     . . .     Faith    .   L - quicksilver dragon scales
rPois    .         Spirit   .   (helmet restricted)
rElec    .         Reflect  .   H - +0 cloak {+Inv}
rCorr    .         Harm     .   i - +0 pair of gloves
MR       ++...                  n - +0 pair of boots
Stlth    +.........             O - amulet of regeneration
HPRegen  0.68/turn              s - ring of protection from cold
MPRegen  0.12/turn              (no ring)

@: flying
A: retaliatory headbutt, horns 2
a: Berserk, Trog's Hand, Brothers in Arms, Renounce Religion, Evoke Invisibility


You were on level 12 of the Dungeon.
You worshipped Trog.
Trog was greatly pleased with you.
You were not hungry.

You visited 1 branch of the dungeon, and saw 12 of its levels.
You also visited: Ossuary and Bailey.

You collected 1149 gold pieces.
You spent 203 gold pieces at shops.

Inventory:

Hand Weapons
 a - the +10 spear "Jeotoeg" (weapon) {flame, MR+ Dex+3}
   (You took it off a spriggan on level 9 of the Dungeon)

   It has been specially enchanted to burn those struck by it, causing extra
   injury to most foes and up to half again as much damage against particularly
   susceptible opponents.
   It affects your dexterity (+3).
   It affects your resistance to hostile enchantments.
 p - a +2 morningstar of protection
 t - the +2 hand axe of the Nine People {chop, rF+}
   (You found it on level 4 of the Dungeon)

   It inflicts extra damage upon your enemies.
   It protects you from fire.
 K - a +2 war axe of freezing
Armour
 i - a +0 pair of gloves (worn)
 n - a +0 pair of boots (worn)
 H - a +0 cloak of invisibility (worn)
 L - quicksilver dragon scales (worn)
Jewellery
 s - a ring of protection from cold (left hand)
 A - an uncursed amulet of faith
 O - an amulet of regeneration (around neck)
Wands
 q - a wand of random effects (10)
 u - a wand of polymorph (4)
 y - a wand of clouds (1)
 I - a wand of acid (7)
 J - a wand of iceblast (4)
Scrolls
 b - a scroll of blinking
 d - 7 scrolls of identify
 e - 10 scrolls of teleportation
 g - 2 scrolls of noise
 h - 3 scrolls of fear
 l - 3 scrolls of remove curse
 o - 4 scrolls of immolation
 v - 4 scrolls of enchant armour {unknown}
 w - 3 scrolls of enchant weapon
 C - 4 scrolls of vulnerability {unknown}
 F - a scroll of amnesia {unknown}
 M - 2 scrolls of holy word {unknown}
 N - a scroll of fog {unknown}
Potions
 f - 2 potions of agility {unknown}
 j - 8 potions of curing
 k - 5 potions of ambrosia
 m - 5 potions of lignification
 r - 4 potions of might
 x - a potion of invisibility {unknown}
 z - 3 potions of brilliance {unknown}
 B - a potion of degeneration {unknown}
 D - a potion of mutation {unknown}
 E - a potion of resistance {unknown}
 G - 4 potions of flight
 Q - 2 potions of haste {unknown}
Comestibles
 c - 26 rations


   Skills:
 + Level 10.7 Fighting
 - Level 16.0 Axes
 - Level 1.1 Throwing
 - Level 12.0 Armour
 - Level 8.0 Dodging
 - Level 0.6 Stealth
 - Level 1.2 Unarmed Combat
 - Level 0.5 Spellcasting
 - Level 1.0 Evocations


You had 12 spell levels left.
You didn't know any spells.
Your spell library was empty.

Dungeon Overview and Level Annotations

Branches:
Dungeon (12/15)            Temple (0/1) D:5            Lair (0/6) D:10
    Orc (0/2) D:12

Altars:
Dithmenos
Elyvilon
Fedhas
Gozag
Hepliaklqana
Kikubaaqudgha
Makhleb
Nemelex Xobeh
Okawaru
Ru
Vehumet
Wu Jian
The Shining One

Shops:
D:7 *%


Innate Abilities, Weirdness & Mutations

You reflexively headbutt those who attack you in melee.
You have a pair of horns on your head.


Message History

You enter the shallow water.
Moving in this stuff is going to be slow.
You feel very buoyant.
You fly up into the air.
You reach down and open the gate. 5 cyclopes come into view.
The cyclops shouts! x4
The cyclops throws a large rock.
The large rock hits you!
You hear a splash.
The cyclops throws a large rock.
The large rock hits you!!
You hear a splash.
The cyclops throws a large rock.
The large rock barely misses you.
The cyclops throws a large rock.
The large rock barely misses you.
There is an open gate here.
The cyclops throws a large rock.
The large rock hits you!!! The cyclops hits you!
* * * LOW HITPOINT WARNING * * *
You see here a large rock.
The cyclops throws a large rock.
The large rock hits you!!
You die...

####.......######..........
............................
....................#####...
.)..............(#### #..
..........).......(#######
.........................####
...........≈≈≈≈≈≈≈≈≈........#
........≈≈≈.≈≈≈≈≈≈≈.≈≈≈....##
.....≈≈≈≈≈≈###''@###≈≈≈≈≈≈..#
...P≈≈≈≈≈≈≈#....(..#≈≈≈≈≈≈≈P#
####≈≈≈≈≈≈≈#..CCCC.#≈≈≈≈≈≈.##
####.####....C..######### ###
#.......# +.......+ ####+####


You could see 5 cyclopes.

Vanquished Creatures
  Harold (D:8)
  A hydra (D:12)
  The ghost of hemabe the Charlatan, a journeyman HuAr of Trog (D:9)
  2 two-headed ogres
  A deep elf knight (Bailey)
  2 unseen horrors
  5 deep elf magi (Bailey)
  Maurice (D:8)
  A gargoyle (D:12)
  4 centaur skeletons
  2 komodo dragons
  2 trolls
  3 hornets
  A hippogriff (D:11)
  Sigmund (D:5)
  A vampire (D:11)
  2 spriggans (D:9)
  A wraith (D:10)
  4 hungry ghosts
  A steam dragon (D:12)
  2 soldier ants (D:10)
  A warg (D:12)
  An acid dragon (D:11)
  A black bear (D:9)
  5 sky beasts
  An ice beast (D:12)
  3 orc warriors
  A phantom (D:12)
  2 wolves
  6 ogres
  7 centaurs
  A big kobold (D:12)
  6 bullfrogs
  3 scorpions
  A water moccasin skeleton (D:8)
  3 troll zombies (D:12)
  9 wights
  2 howler monkeys
  3 electric eels
  7 crimson imps
  A quasit (D:10)
  2 centaur zombies
  4 jellies
  6 bullfrog skeletons
  6 hounds
  13 orc priests
  Jessica (D:2)
  Terence (D:2)
  4 iguanas
  5 orc wizards
  8 worker ants
  Crazy Yiuf (D:3)
  Natasha (thrice) (D:4)
  5 ogre zombies (D:12)
  A big kobold zombie (Ossuary)
  A worker ant zombie (D:5)
  A howler monkey zombie (D:5)
  8 mummies (Ossuary)
  Robin (D:3)
  3 gnolls (D:4)
  9 adders
  A shadow imp (D:12)
  A white imp (D:4)
  An adder skeleton (D:5)
  A worm (D:3)
  A dart slug (D:1)
  5 leopard geckos
  35 orcs
  10 giant cockroaches
  A gnoll zombie (Ossuary)
  13 goblins
  4 hobgoblins
  6 jackals
  8 kobolds
  8 quokkas
  A ball python (D:3)
  3 bats
  4 frilled lizards (D:4)
  3 goblin skeletons (D:4)
  4 goblin zombies
  2 hobgoblin skeletons (D:12)
  7 hobgoblin zombies
  2 kobold zombies
  A leopard gecko skeleton (D:6)
  4 orc skeletons
  18 orc zombies
  2 quokka zombies
  A rat (D:1)
  3 plants (D:10)
336 creatures vanquished.

Vanquished Creatures (collateral kills)
  3 deep elf magi (Bailey)
3 creatures vanquished.

Vanquished Creatures (others)
  3 fungi (D:9)
  3 plants
6 creatures vanquished.

Grand Total: 345 creatures vanquished

Notes
Turn   | Place    | Note
-------+----------+-------------------------------------------
     0 | D:1      | Greboboi the Minotaur Berserker began the quest for the
                  | Orb.
     0 | D:1      | Reached XP level 1. HP: 19/19 MP: 0/0
   385 | D:1      | Reached XP level 2. HP: 23/27 MP: 1/1
   487 | D:1      | Reached skill level 4 in Axes
   797 | D:2      | Noticed Jessica
   800 | D:2      | Killed Jessica
   800 | D:2      | Reached XP level 3. HP: 31/34 MP: 2/2
   837 | D:2      | Found an ancient bone altar of Kikubaaqudgha.
   857 | D:2      | Noticed Terence
   875 | D:2      | Killed Terence
   884 | D:2      | Found an iron altar of Okawaru.
   967 | D:2      | Found a faded altar of an unknown god.
  1007 | D:2      | Reached XP level 4. HP: 40/41 MP: 3/3
  1615 | D:3      | Found a runed translucent door.
  1616 | D:3      | Noticed Crazy Yiuf
  1667 | D:3      | Found a hazy altar of Hepliaklqana.
  1825 | D:3      | Found a blossoming altar of Fedhas.
  1873 | D:3      | Noticed Robin
  1886 | D:3      | Reached ** piety under Trog
  1890 | D:3      | Reached skill level 5 in Axes
  1890 | D:3      | Reached XP level 5. HP: 47/47 MP: 4/4
  1896 | D:3      | Killed Robin
  1896 | D:3      | Reached skill level 6 in Axes
  2252 | D:3      | Killed Crazy Yiuf
  2314 | D:4      | Noticed Natasha
  2315 | D:4      | Found a glowing golden altar of the Shining One.
  2318 | D:4      | Killed Natasha
  2318 | D:4      | Reached skill level 5 in Fighting
  2318 | D:4      | Reached XP level 6. HP: 51/56 MP: 5/5
  2371 | D:4      | Reached skill level 7 in Axes
  2383 | D:4      | Reached *** piety under Trog
  2595 | D:4      | Reached skill level 8 in Axes
  2595 | D:4      | Reached XP level 7. HP: 36/61 MP: 6/6
  2862 | D:4      | Noticed Natasha
  2876 | D:4      | Killed Natasha
  2977 | D:4      | Found an ornate altar of the Wu Jian Council.
  3141 | D:4      | Noticed Natasha
  3145 | D:4      | Killed Natasha
  3271 | D:4      | Got a brightly glowing hand axe
  3272 | D:4      | Identified the +2 hand axe of the Nine People {chop, rF+}
                  | (You found it on level 4 of the Dungeon)
  3311 | D:5      | Entered Level 5 of the Dungeon
  3311 | D:5      | Noticed Sigmund
  3322 | D:5      | Killed Sigmund
  3322 | D:5      | Reached skill level 9 in Axes
  3322 | D:5      | Reached skill level 5 in Armour
  3388 | D:5      | Reached XP level 8. HP: 68/68 MP: 7/7
  3461 | D:5      | Reached skill level 10 in Axes
  3476 | D:5      | Found a burning altar of Makhleb.
  3493 | D:5      | Received a gift from Trog
  3604 | D:5      | Found a staircase to the Ecumenical Temple.
  3953 | D:6      | Found an opulent altar of Gozag.
  4085 | D:6      | Found a shadowy altar of Dithmenos.
  4572 | D:7      | Noticed a hornet
  4573 | D:7      | Paralysed by a hornet for 2 turns
  4577 | D:7      | Killed a hornet
  4577 | D:7      | Reached skill level 11 in Axes
  4780 | D:7      | Noticed a troll
  4799 | D:7      | Killed a troll
  4799 | D:7      | Reached XP level 9. HP: 55/78 MP: 8/8
  4851 | D:7      | Found Momaonuf's Food Boutique.
  4893 | D:7      | Found a sand-covered staircase.
  4908 | Ossuary  | Entered an ossuary
  4918 | Ossuary  | Reached **** piety under Trog
  5511 | D:7      | Found Rokkah's Assorted Antiques.
  5530 | D:7      | Bought a glowing ring mail for 203 gold pieces
  5568 | D:7      | Found a sacrificial altar of Ru.
  5595 | D:7      | Found a white marble altar of Elyvilon.
  5634 | D:7      | Reached skill level 12 in Axes
  5764 | D:8      | Found a flagged portal.
  5765 | D:8      | Noticed Harold
  5789 | D:8      | Killed Harold
  5877 | Bailey   | Entered a bailey
  5908 | Bailey   | Noticed a deep elf mage
  5930 | Bailey   | Killed a deep elf mage
  5930 | Bailey   | Reached skill level 13 in Axes
  6176 | Bailey   | Noticed a deep elf mage
  6177 | Bailey   | Noticed a deep elf mage
  6178 | Bailey   | Noticed a deep elf mage
  6184 | Bailey   | Noticed a deep elf mage
  6185 | Bailey   | Killed a deep elf mage
  6185 | Bailey   | Reached XP level 10. HP: 66/88 MP: 9/9
  6188 | Bailey   | Noticed a deep elf mage
  6192 | Bailey   | Killed a deep elf mage
  6198 | Bailey   | Killed a deep elf mage
  6228 | Bailey   | Killed a deep elf mage
  6228 | Bailey   | Reached skill level 14 in Axes
  6238 | Bailey   | Killed a deep elf mage
  6238 | Bailey   | Reached skill level 5 in Dodging
  6345 | Bailey   | Noticed a deep elf mage
  6349 | Bailey   | Killed a deep elf mage
  6349 | Bailey   | Reached skill level 1 in Throwing
  6349 | Bailey   | Reached skill level 1 in Unarmed Combat
  6349 | Bailey   | Reached skill level 1 in Evocations
  6402 | Bailey   | Noticed a deep elf knight
  6417 | Bailey   | Killed a deep elf knight
  6580 | Bailey   | Noticed a deep elf mage
  6588 | Bailey   | Killed a deep elf mage
  7558 | D:8      | Noticed Maurice
  7583 | D:8      | Killed Maurice
  8016 | D:8      | Reached XP level 11. HP: 94/94 MP: 10/10
  8176 | D:9      | Received a gift from Trog
  8309 | D:9      | Reached skill level 15 in Axes
  8360 | D:9      | Found a runed translucent door.
  8361 | D:9      | Noticed hemabe's ghost (journeyman HuAr)
  8361 | D:9      | Identified the +10 spear "Jeotoeg" {flame, MR+ Dex+3}
  8555 | D:9      | Found a radiant altar of Vehumet.
  8644 | D:9      | Found a sparkling altar of Nemelex Xobeh.
  8882 | D:9      | Killed hemabe's ghost
  9239 | D:10     | Entered Level 10 of the Dungeon
  9368 | D:10     | Noticed a two-headed ogre
  9375 | D:10     | Killed a two-headed ogre
  9375 | D:10     | Reached skill level 10 in Armour
  9593 | D:10     | Paralysed by a hornet for 1 turns
  9773 | D:10     | Found a staircase to the Lair.
 10676 | D:11     | Noticed a two-headed ogre
 10680 | D:11     | Killed a two-headed ogre
 10746 | D:11     | Killed an unseen horror
 11008 | D:11     | Reached skill level 16 in Axes
 11283 | D:12     | Reached XP level 12. HP: 94/103 MP: 11/11
 11380 | D:12     | Received a gift from Trog
 11386 | D:12     | Noticed an eight-headed hydra
 11399 | D:12     | Killed an eight-headed hydra
 11399 | D:12     | Reached skill level 10 in Fighting
 11540 | D:12     | Found a staircase to the Orcish Mines.
 11940 | D:12     | Hit by a large rock thrown by a cyclops

Levels and vault maps discovered:
D:1:      lemuel_arrival_river_ford, layout_loops_ring, glass_columns_a,
          hex_large
D:2:      layout_basic, okawaru_metal_pillars_3, kiku_gazebo_pond_becter,
          chequers_ecumenical_altar_island, first_ration, uniq_terence,
          uniq_jessica
D:3:      layout_loops_ring, lemuel_crystal_altar, old_standard_altar,
          kennysheep_cross_room, minmay_misc_feat_secret_circle,
          uniq_crazy_yiuf_cottage, uniq_robin
D:4:      layout_loops_ring, nicolae_tso_besieged_by_evil,
          nicolae_overflow_hidden_temple, serial_rivers,
          chequers_serial_rivers_micro_d, chequers_serial_rivers_micro_e,
          chequers_serial_rivers_micro_b, chequers_serial_rivers_small_b,
          serial_bayou_pond_e, uniq_natasha
D:5:      layout_basic, minmay_temple_entry_glass, bloody_makhleb, uniq_sigmund
D:6:      layout_basic, nicolae_dithmenos_through_a_glass_darkly,
          grunt_gozag_statues
D:7:      layout_basic, kennysheep_mini, kennysheep_mini_moat, enter_ossuary_1,
          serial_shops, shop, shop
D:8:      layout_loops_ring, enter_bailey_2, uniq_maurice, uniq_harold
D:9:      layout_basic, marbit_many_paths, lemuel_round_altar,
          serial_corexii_hall, chequers_hall_statues_wall_a,
          chequers_hall_statues_corner_a, corexii_hall_statues_l,
          corexii_hall_statues_deadend, corexii_hall_statues_deadend,
          chequers_hall_statues_corner_a, ebering_ghost_funeral_grove
D:10:     layout_big_octagon, david_lair_shrubbed, hangedman_pestilent_swarm,
          kennysheep_big_empty_room
D:11:     layout_cave_pools, grunt_decor_one_mirror
D:12:     giant_chief_lemuel, layout_irregular_city, zombieorc2_lemuel,
          minmay_misc_feat_tower, chequers_serial_rivers_small_3

Skill      XL: |  1  2  3  4  5  6  7  8  9 10 11 12 |
---------------+-------------------------------------+-----
Fighting       | 4 5 6 8 10 | 10.7
Axes           | 4 5 6 8 9 11 13 14 16 | 16.0
Armour         | 3 4 5 6 8 11 12 | 12.0
Dodging        | 3 6 8 |  8.0
Throwing       | 1 |  1.1
Unarmed Combat | 1 |  1.2
Evocations     | 1 |  1.0
Stealth        | |  0.6
Spellcasting   | |  0.5

Action                   |  1- 3 |  4- 6 |  7- 9 | 10-12 || total
-------------------------+-------+-------+-------+-------++-------
Melee: Hand axe          |    40 |    26 |   248 |   241 ||   555
       Headbutt          |     8 |    19 |    56 |   119 ||   202
       War axe           |       |    93 |    32 |    19 ||   144
       Spear             |       |       |       |   301 ||   301
       Punch             |       |       |       |     6 ||     6
Invok: Berserk           |       |     2 |     1 |     3 ||     6
       Brothers in Arms  |       |       |     2 |       ||     2
       Trog's Hand       |       |       |     1 |     1 ||     2
  Use: Scroll            |       |       |    11 |     5 ||    16
       Potion            |       |       |       |     1 ||     1
 Stab: Distracted        |       |       |     1 |       ||     1
  Eat: Chunk             |       |     7 |    12 |     9 ||    28
       Ration            |       |       |     2 |     7 ||     9
Armor: Animal skin       |     2 |       |       |       ||     2
       Ring mail         |     8 |     7 |    38 |    28 ||    81
       Chain mail        |       |    57 |    65 |       ||   122
       Quicksilver drago |       |       |       |   121 ||   121
Dodge: Dodged            |    22 |    63 |   105 |   214 ||   404

Table legend:
 A = Non-vault XP
 B = Vault XP
 C = Vault XP percentage of total XP
 D = Non-vault monster count
 E = Vault monster count
 F = Vault count percentage of total count
                 A         B        C        D         E       F
            +---------+---------+-------+---------+---------+-------
      Total |   15899 |   11013 |  40.9 |     230 |     106 |  31.5
            +---------+---------+-------+---------+---------+-------
        D:1 |      16 |       0 |   0.0 |       8 |       0 |   0.0
        D:2 |      23 |      73 |  76.0 |       6 |       2 |  25.0
        D:3 |     178 |      73 |  29.1 |      22 |      14 |  38.9
        D:4 |     652 |      56 |   7.9 |      27 |      13 |  32.5
        D:5 |     619 |     227 |  26.8 |      22 |       1 |   4.3
        D:6 |     419 |       0 |   0.0 |      13 |       0 |   0.0
        D:7 |    1202 |       0 |   0.0 |      18 |       0 |   0.0
        D:8 |    1070 |    1443 |  57.4 |      26 |       2 |   7.1
        D:9 |     917 |    1648 |  64.2 |      16 |       5 |  23.8
       D:10 |    2434 |    1215 |  33.3 |      19 |       5 |  20.8
       D:11 |    4388 |       0 |   0.0 |      22 |       0 |   0.0
       D:12 |    3981 |    1333 |  25.1 |      31 |      39 |  55.7
    Ossuary |       0 |     176 | 100.0 |       0 |      16 | 100.0
     Bailey |       0 |    4769 | 100.0 |       0 |       9 | 100.0
            +---------+---------+-------+---------+---------+-------
